 Dungeon Crawl Stone Soup version 0.29-a0-648-g6b26cc9f40 (webtiles) character file.

Game seed: 5978767879551965595

49 ytrimaz the Insei (level 3, -1/24 HPs)
             Began as an Octopode Transmuter on June 21, 2022.
             Slain by a gnoll
             ... wielding a +0 halberd
              (17 damage)
             ... on level 2 of the Dungeon.
             The game lasted 00:02:45 (2296 turns).

ytrimaz the Insei (Octopode Transmuter)             Turns: 2296, Time: 00:02:46

Health: -1/24      AC:  1    Str:  9    XL:     3   Next: 77%
Magic:  5/6        EV: 13    Int: 17    God:
Gold:   93         SH:  0    Dex: 12    Spells: 0/6 levels left

rFire   . . .      SeeInvis .     - Unarmed
rCold   . . .      Faith    .   (no shield)
rNeg    . . .      Spirit   .   (helmet currently unavailable)
rPois   .          Reflect  .   (no amulet)
rElec   .          Harm     .   (no ring)
rCorr   .          Rampage  .   (no ring)
Will    .....                   (no ring)
Stlth   ++........              (no ring)
HPRegen 0.08/turn               (no ring)
MPRegen 0.10/turn               (no ring)
                                (no ring)
                                (no ring)

@: appendages (expiring)
A: tentacle spike 3, almost no armour, amphibious, 8 rings, camouflage 1,
gelatinous body 1, (nimble swimmer 1), tentacles
a: End Transformation


You were on level 2 of the Dungeon.
One of your tentacles had grown a beastly spike.
You visited 1 branch of the dungeon, and saw 2 of its levels.

You collected 93 gold pieces.

Inventory:

Wands
 d - a wand of iceblast (8)
Scrolls
 e - a scroll of amnesia {unknown}
Potions
 a - a potion of lignification
 b - a potion of magic
 c - a potion of brilliance {unknown}


   Skills:
 * Level 2.0 Fighting
 - Level 2.0 Dodging
 + Level 4.2 Unarmed Combat
 - Level 2.0 Spellcasting
 - Level 2.0 Transmutations


You couldn't memorise any spells.
You knew the following spells:

 Your Spells              Type           Power      Damage    Failure   Level
a - Beastly Appendage     Tmut           16%        N/A       9%          1
b - Wereblood             Tmut           8%         N/A       13%         2
c - Spider Form           Tmut/Pois      5%         N/A       36%         3

Your spell library contained the following spells:

 Spells                   Type           Power      Damage    Failure   Level
 Ice Form                 Ice/Tmut       5%         N/A       77%         4


Dungeon Overview and Level Annotations

Branches:
Dungeon (2/15)

Altars:


Innate Abilities, Weirdness & Mutations

One of your tentacles has grown a beastly spike.
You cannot wear most types of armour.
You are amphibious.
You can wear up to eight rings at the same time.
Your skin changes colour to match your surroundings (Stealth+).
Your rubbery body absorbs attacks. (AC +1, EV +1)
((You are camouflaged when in or above water. (Stealth+)))
You have tentacles for arms and can constrict up to eight enemies at once.


Message History

You see here a giant cockroach corpse.
Your transformation is almost over.
e - a scroll labelled UCKAZOH WUOVIRR Your tentacle spike disappears.
You see here a giant cockroach corpse.
You now have 85 gold pieces (gained 7).
A bat comes into view.
A bat is nearby!
A bat is nearby!
A bat is nearby!
One of your tentacles grows a vicious spike.
The helpless bat fails to defend itself.
You tentacle-slap the bat.
You kill the bat!
You see here a bat corpse.
Your transformation is almost over.
Magic restored.
Your tentacle spike disappears.
You now have 93 gold pieces (gained 8).
Found a ring mail.
You see here a +0 ring mail.
A giant cockroach comes into view.
A giant cockroach is nearby!
A giant cockroach is nearby!
One of your tentacles grows a vicious spike.
A gnoll comes into view. It is wielding a +0 spear.
A gnoll comes into view. It is wielding a +0 halberd.
Your transformation is almost over.
The gnoll shouts!
You hear a shout!
A gnoll comes into view. It is wielding a +0 whip.
A ball python comes into view.
The giant cockroach bites you.
You tentacle-slap the giant cockroach.
You kill the giant cockroach!
Your Fighting skill increases to level 2!
The gnoll hits you from afar with a +0 spear.
You see here a giant cockroach corpse.
The gnoll attacks as you move away! The gnoll hits you with a +0 halberd!
Ouch! That really hurt!
You die...

# #
#########
###
.†.......
..#
#########
#S# # #g#
# #g# #
#g# # #@#
# #.# #
#.# # #.#
## #.# .#
#.# .#
#.# .##
#.# ..#
#.#


You could see 3 gnolls and a ball python.

Vanquished Creatures
  An adder (D:2)
  A worm (D:2)
  6 bats
  2 endoplasms (D:1)
  4 giant cockroaches
  5 hobgoblins
  2 quokkas
  3 ball pythons (D:1)
  A frilled lizard (D:1)
  3 goblins
  2 kobolds
  3 rats (D:2)
33 creatures vanquished.

Notes
Turn   | Place    | Note
-------+----------+-------------------------------------------
     0 | D:1      | ytrimaz the Octopode Transmuter began the quest for the
                  | Orb.
     0 | D:1      | Reached XP level 1. HP: 13/13 MP: 3/3
   382 | D:1      | Reached XP level 2. HP: 15/18 MP: 5/5
   491 | D:1      | Found a faded altar of an unknown god.
  1335 | D:2      | Reached XP level 3. HP: 10/24 MP: 4/6
  1616 | D:2      | Identified the +9 spear of Dung {elec, Contam rN++ Int+4}
  1712 | D:2      | Reached skill level 4 in Unarmed Combat
  1980 | D:2      | Learned a level 2 spell: Wereblood
  1984 | D:2      | Learned a level 3 spell: Spider Form
  2296 | D:2      | Slain by a gnoll

Illustrated notes

Levels and vault maps discovered:
D:1:      roderic_lyre, layout_loops_ring,
          shapermc_ecumenical_altar_mp_vishouse, minivault_11,
          kennysheep_decorative_pillar
D:2:      layout_loops_ring

Skill      XL: |  1  2  3 |
---------------+----------+-----
Unarmed Combat | 4 |  4.2
Fighting       | 2 |  2.0
Dodging        | |  2.0
Spellcasting   | |  2.0
Transmutations | |  2.0

Action                   || total
-------------------------++-------
Melee: Unarmed           ||    68
       Constrict         ||    15
       Kick              ||    15
       Tentacles         ||    10
       Punch             ||     3
 Cast: Beastly Appendage ||    24
  Use: Scroll            ||     7
 Stab: Sleeping          ||     6
Armor: Skin              ||     1
Dodge: Dodged            ||    50

Table legend: (Time is in decaauts)
 A = Elapsed time spent in this place.
 B = Non-inter-level travel time spent in this place.
 C = Inter-level travel time spent in this place.
 D = Time resting spent in this place.
 E = Time spent auto-exploring this place.
 F = Levels seen in this place.
 G = Mean time per level.
                   A        B        C        D        E       F      G
               +--------+--------+--------+--------+--------+-----+--------+
         Total |   2291 |   2250 |     41 |    287 |   1617 |   2 | 1145.5 |
       Dungeon |   2291 |   2250 |     41 |    287 |   1617 |   2 | 1145.5 |
               +--------+--------+--------+--------+--------+-----+--------+

Top non-repeatable levels by time:
     D:1: 1278 daAuts
     D:2: 1013 daAuts
